 Dungeon Crawl Stone Soup version 0.27.0-1-g7a089689b8 (webtiles) character file.

Game seed: 4599699811032118151

73 horus123 the Poker (level 4, -2/34 HPs)
             Began as a Merfolk Gladiator on Aug 8, 2021.
             Slain by Grinder (4 damage)
             ... on level 3 of the Dungeon.
             The game lasted 00:03:31 (2288 turns).

horus123 the Poker (Merfolk Gladiator)              Turns: 2288, Time: 00:03:32

Health: -2/34      AC:  4    Str: 14    XL:     4   Next: 27%
Magic:  4/4        EV: 13    Int:  7    God:
Gold:   57         SH:  0    Dex: 16    Spells: 3/3 levels left

rFire    . . .     SeeInvis .   a - +0 trident
rCold    . . .     Faith    .   (no shield)
rNeg     . . .     Spirit   .   b - +0 leather armour
rPois    .         Reflect  .   c - +0 helmet
rElec    .         Harm     .   (no cloak)
rCorr    .         Rampage  .   (no gloves)
Will     .....                  (no boots)
Stlth    +.........             (no amulet)
HPRegen  0.11/turn              (no ring)
MPRegen  0.09/turn              (no ring)

@: no status effects
A: (nimble swimmer 2), mertail
a: no special abilities


You were on level 3 of the Dungeon.
You visited 1 branch of the dungeon, and saw 3 of its levels.

You collected 57 gold pieces.

Inventory:

Hand Weapons
 a - a +0 trident (weapon)
Missiles
 d - 2 throwing nets (quivered)
Armour
 b - a +0 leather armour (worn)
 c - a +0 helmet (worn)
Wands
 j - a wand of acid (4)
 m - a wand of charming (11)
Scrolls
 f - 2 scrolls of identify {unknown}
 h - a scroll of vulnerability {unknown}
 k - a scroll of amnesia {unknown}
 l - a scroll of enchant armour {unknown}
Potions
 e - 2 potions of might {unknown}
 g - 2 potions of curing {unknown}
 i - a potion of heal wounds {unknown}


   Skills:
 + Level 2.5 Fighting
 + Level 5.9 Polearms
 + Level 2.0 Throwing
 + Level 0.7 Armour
 + Level 4.8 Dodging
 + Level 0.2 Stealth


You had 3 spell levels left.
You didn't know any spells.
Your spell library contained the following spells:

 Spells                   Type           Power      Damage    Failure   Level
 Corona                   Hex            0%         N/A       52%         1
 Blink                    Tloc           N/A        N/A       65%         2
 Ensorcelled Hibernation  Hex/Ice        0%         N/A       65%         2
 Lesser Beckoning         Tloc           0%         N/A       87%         3
 Tukima's Dance           Hex            0%         N/A       87%         3
 Manifold Assault         Tloc           0%         N/A       100%        5


Dungeon Overview and Level Annotations

Branches:
Dungeon (3/15)

Altars:

Shops:
D:3 (

Annotations:
D:3 Grinder


Innate Abilities, Weirdness & Mutations

((You are quick and stealthy near water. (Stealth+, EV+, Speed+++)))
Your lower body shifts to a powerful aquatic tail in water.


Message History

A goblin and a kobold come into view.
The kobold shouts!
The goblin shouts!
A quokka comes into view.
The goblin closely misses you.
You hit Grinder but do no damage. Grinder hits you.
The goblin hits you but does no damage.
You barely miss Grinder. Grinder hits you.
You writhe in agony.
The goblin hits you with a +0 club. The quokka barely misses you.
Grinder gestures at you. You resist with significant effort.
A giant cockroach comes into view.
The quokka bites you.
You hit the goblin.
You kill the goblin!
Grinder blinks!
The quokka barely misses you.
Grinder blinks!
You barely miss Grinder.
The quokka bites you but does no damage.
Grinder grins, showing sharp teeth.
Grinder gestures at you. Pain shoots through your body!
Throw: 3 throwing nets
Press: ? - help, Q - select action, (/) - cycle Shift-Dir - straight line, f - Grinder
Aim: Grinder (58% to hit)
You throw a throwing net.
The throwing net completely misses Grinder.
The quokka barely misses you. Grinder gestures at you.
Pain shoots through your body!
* * * LOW HITPOINT WARNING * * *
You closely miss Grinder. The quokka closely misses you.
Grinder barely misses you.
You hit Grinder.
Grinder is lightly wounded.
The quokka barely misses you. Grinder hits you!
* * * LOW HITPOINT WARNING * * *
You writhe in agony.
You die...

#.. ...#
#.#.##...####.#
#######.####
#.#.###.## #.#
####...
.###.#.###.# #.#
.#..# ..##.......#
#.# #..###
##.##...##### #.#
#.B.K### ..##...#
#.#
#5K###.###.##...#
#.#
#...#)..#.K##...#
#.#
#...#5.(#...Br@5.(#
####.#
##.###.###.####..##
#....# #. ###...#
#..# #.#### #.
###.# #..#######.#
# ..#
##.......#.######
.##
#.###........... ..
#.# #.#.#.###### ##
#.# #.#.#.# #.#
#.#.#.#


You could see Grinder, a quokka, a giant cockroach and a kobold.

Vanquished Creatures
  2 adders (D:2)
  2 worms
  3 dart slugs
  An orc (D:3)
  3 ball pythons
  4 endoplasms
  3 giant cockroaches
  5 goblins
  3 hobgoblins (D:1)
  5 jackals (D:1)
  A quokka (D:2)
  3 bats
  A frilled lizard (D:1)
  4 kobolds
  3 rats
43 creatures vanquished.

Notes
Turn   | Place    | Note
-------+----------+-------------------------------------------
     0 | D:1      | horus123 the Merfolk Gladiator began the quest for the Orb.
     0 | D:1      | Reached XP level 1. HP: 16/16 MP: 1/1
   187 | D:1      | Reached XP level 2. HP: 21/22 MP: 2/2
   338 | D:1      | Reached skill level 5 in Polearms
   826 | D:1      | Found a faded altar of an unknown god.
  1201 | D:2      | Reached XP level 3. HP: 25/28 MP: 3/3
  1699 | D:2      | Reached XP level 4. HP: 24/34 MP: 4/4
  1826 | D:3      | Found Sigrisog's Weapon Shoppe.
  2269 | D:3      | Noticed Grinder
  2288 | D:3      | Slain by Grinder

Illustrated notes

Levels and vault maps discovered:
D:1:      beargit_arrival_greenhouse, layout_loops_corners,
          hellmonk_ecumenical_altar_blasted, chequers_avenue
D:2:      layout_rooms
D:3:      layout_loops_ring, serial_shops, shop, minmay_between, uniq_grinder

Skill      XL: |  1  2 |
---------------+-------+-----
Polearms       | 5 |  5.9
Fighting       | |  2.5
Throwing       | |  2.0
Armour         | |  0.7
Dodging        | |  4.8
Stealth        | |  0.2

Action                   |  1- 3 |  4- 6 || total
-------------------------+-------+-------++-------
Melee: Trident           |   112 |    52 ||   164
Throw: Throwing net      |       |     1 ||     1
 Stab: Sleeping          |     1 |     2 ||     3
Armor: Leather armour    |    21 |    18 ||    39
Dodge: Dodged            |    54 |    20 ||    74
